 Dungeon Crawl Stone Soup version 0.19-a0-1019-g9c6a58d (webtiles) character file.

8 Sixotanaka the Charmwright (level 2, -1/19 HPs)
             Began as a High Elf Skald on July 25, 2016.
             Hit by a stone thrown by a kobold (2 damage)
             ... on level 1 of the Dungeon.
             The game lasted 00:00:39 (274 turns).

Sixotanaka the Charmwright (High Elf Skald)          Turns: 274, Time: 00:00:40

Health: -1/19      AC:  3    Str: 11    XL:     2   Next: 0%
Magic:  6/6        EV: 11    Int: 15    God:
Gold:   0          SH:  0    Dex: 14    Spells: 1 memorised, 4 levels left

rFire  . . .     SeeInvis .     a - +0 falchion
rCold  . . .     Gourm    .     b - +0 leather armour
rNeg   . . .     Faith    .     (no shield)
rPois  .         Spirit   .     (no helmet)
rElec  .         Dismiss  .     (no cloak)
rCorr  .         Reflect  .     (no gloves)
SustAt .         Harm     .     (no boots)
MR     +....                    (no amulet)
Stlth  +.........               (no ring)
                                f - ring of protection from magic

@: somewhat resistant to hostile enchantments, very unstealthy
A: no striking features
a: no special abilities


You were on level 1 of the Dungeon.
You were not hungry.

You visited 1 branch of the dungeon, and saw 1 of its levels.


   Skills:
 - Level 2.0 Fighting
 + Level 3.3 Long Blades
 - Level 0.8 Armour
 - Level 1.1 Dodging
 - Level 2.4 Spellcasting
 - Level 3.6 Charms


You had 4 spell levels left.
You knew the following spells:

 Your Spells              Type           Power        Failure   Level  Hunger
z - Infusion              Chrm           ##..         10%         1    #......


Dungeon Overview and Level Annotations

Branches:
Dungeon (1/15)

Altars:

Inventory:

Hand Weapons
 a - a +0 falchion (weapon)
 i - a +1 dagger of venom
   (You took it off a goblin on level 1 of the Dungeon)
Armour
 b - a +0 leather armour (worn)
Jewellery
 f - a ring of protection from magic (left hand)
   (You found it on level 1 of the Dungeon)
Scrolls
 e - a scroll of enchant armour {unknown}
 g - a scroll of identify {unknown}
 h - a scroll of remove curse {unknown}
Books
 c - a book of Battle
Comestibles
 d - a bread ration {@e1}

####..................#
#...................#.#
#...................#.#
#................#..#.+
####........###.#.#.#..#.#
..+........+.........>#.#
#.#........###.#..#.....#
#.##.....#####.#.....####
......##.(.....@....#........#
.......+.......###...........###
#......#.......###.............#
...K...#.###+#K............###.)
.......#.#..K...#..........# ###
.......#(#......#.#........#
.......#.#........#.#......#
.####...(......#........#.#
.............####........#.#


You could see a kobold.


Message History

You riposte.
You barely miss the goblin. You hit the goblin.
You kill the goblin!
You have reached level 2!
You feel sick.
You aren't carrying any potions.
Unknown command.
Okay, then.
You see here a dagger of venom.
i - a dagger of venom You feel sick.
The kobold shouts!
The kobold throws a stone.
The stone hits you but does no damage.
* * * LOW HITPOINT WARNING * * *
You feel sick.
You see here 11 stones.
* * * LOW HITPOINT WARNING * * *
You feel sick.
Unknown command.
* * * LOW HITPOINT WARNING * * *
You feel sick.
The kobold throws a stone.
The stone barely misses you.
Unknown command.
* * * LOW HITPOINT WARNING * * *
You feel sick.
* * * LOW HITPOINT WARNING * * *
You feel sick.
* * * LOW HITPOINT WARNING * * *
You feel sick.
Something unseen opens the door.
* * * LOW HITPOINT WARNING * * *
You feel sick.
The kobold throws a stone.
The stone hits you but does no damage.
You see here a stone.
You see here 11 stones.
* * * LOW HITPOINT WARNING * * *
You feel sick.
* * * LOW HITPOINT WARNING * * *
You feel sick.
You close the door.
A kobold opens the door.
You close the door.
* * * LOW HITPOINT WARNING * * *
You feel sick.
You are no longer poisoned.
A kobold opens the door.
You close the door.
There's nothing to close nearby.
The kobold throws a stone.
The stone hits you.
You die...

Vault maps used:
D:1:      evilmike_arrival_crescent

Vanquished Creatures
  A giant gecko (D:1)
  4 goblins (D:1)
  A bat (D:1)
6 creatures vanquished.

Table legend:
 A = Turns spent in this place as a percentage of turns spent in the entire game.
 B = Non-inter-level travel turns spent in this place as a percentage of non-inter-level travel turns spent in the entire game.
 C = Inter-level travel turns spent in this place as a percentage of turns spent in this place.
 D = Turns resting spent in this place as a percentage of non-inter-level travel turns spent in this place.
 E = Turns spent auto-exploring this place as a percentage of non-inter-level travel turns spent in this place.
 F = Non-inter-level travel turns spent in this place divided by the number of levels of this place that you've seen.
                   A       B       C       D       E      F
               +-------+-------+-------+-------+-------+----------------------
         Total | 100.0 | 100.0 |   0.0 |   2.4 |  12.9 |  85.0
       Dungeon | 100.0 | 100.0 |   0.0 |   2.4 |  12.9 |  85.0
               +-------+-------+-------+-------+-------+----------------------

Table legend:
 A = Kills in this place as a percentage of kills in entire the game.
 B = Kills by you in this place as a percentage of kills by you in the entire game.
 C = Kills by friends in this place as a percentage of kills by friends in the entire game.
 D = Other kills in this place as a percentage of other kills in the entire game.
 E = Experience gained in this place as a percentage of experience gained in the entire game.
 F = Experience gained in this place divided by the number of levels of this place that you have seen.
                   A       B       C       D       E      F
               +-------+-------+-------+-------+-------+----------------------
         Total | 100.0 | 100.0 |  -nan |  -nan | 100.0 |  12.0
       Dungeon | 100.0 | 100.0 |  -nan |  -nan | 100.0 |  12.0
               +-------+-------+-------+-------+-------+----------------------

Notes
Turn   | Place    | Note
-------+----------+-------------------------------------------
     0 | D:1      | Sixotanaka the High Elf Skald began the quest for the Orb.
     0 | D:1      | Reached XP level 1. HP: 14/14 MP: 4/4
   200 | D:1      | Reached skill level 3 in Long Blades
   243 | D:1      | Reached XP level 2. HP: 11/19 MP: 6/6
   256 | D:1      | HP: 4/19 [poisoned by a goblin]
   263 | D:1      | HP: 3/19 [poisoned by a goblin]
   271 | D:1      | HP: 1/19 [poisoned by a goblin]
   274 | D:1      | Hit by a stone thrown by a kobold

Action                   || total
-------------------------++-------
Melee: Falchion          ||    15
Armor: Leather armour    ||     3
Dodge: Dodged            ||     7
